 Dungeon Sprint DCSS version 0.29.1-12-g30fa7ad0bf (webtiles) character file.

Game seed: 9655701242117318905

2507 Groucho the Imperceptible (level 9, -9/42 HPs)
             Began as a Felid Berserker on Dec 30, 2022.
             Was the Champion of Trog.
             Collided with a cyclops (21 damage)
             ... caused by Sigmund
             ... in the Dungeon (Sprint III: "The Ten Rune Challenge").
             The game lasted 00:08:34 (2995 turns).

Groucho the Imperceptible (Felid Berserker)         Turns: 2995, Time: 00:08:34

Health: -9/42      AC:  2    Str: 21    XL:     9   Next: 28%
Magic:  10/10      EV: 19    Int:  7    God:    Trog [******]
Gold:   1519       SH:  0    Dex: 16    Spells: 8/8 levels left
                                        Lives:  0   Deaths: 3

rFire   . . .      SeeInvis +     - Unarmed
rCold   . . .      Faith    .   (shield unavailable)
rNeg    . . .      Spirit   .   (body armour unavailable)
rPois   .          Reflect  .   (helmet unavailable)
rElec   .          Harm     .   (cloak unavailable)
rCorr   .          Rampage  .   (gloves unavailable)
Will    +++..      Clarity  +   (boots unavailable)
Stlth   +++++++++. NoTele   +   (no amulet)
HPRegen 1.14/turn               (no ring)
MPRegen 0.12/turn               (no ring)

@: strong-willed, regenerating, quick
A: very small, claws 1, fangs 3, see invisible, speed 1, shaggy fur 2, stealthy
paws, no weapons or thrown items, no armour, multi-lived, clarity, robust 1,
strong 1, no potion heal 1
a: Renounce Religion, Berserk, Trog's Hand, Brothers in Arms


You were in the Dungeon.
You worshipped Trog.
Trog was exalted by your worship.
You visited 1 branch You collected 1519 gold pieces.

Inventory:

Scrolls
 f - a scroll of blinking
 g - a scroll of fog {unknown}
 h - a scroll of immolation {unknown}
 l - a scroll of poison {unknown}
Potions
 a - 2 potions of curing
 c - a potion of haste
 d - 2 potions of magic
 e - 2 potions of berserk rage
 j - a potion of brilliance
 k - a potion of mutation
 n - a potion of might


   Skills:
 + Level 3.9 Fighting
 + Level 5.2 Dodging
 + Level 25.8 Stealth
 * Level 19.4 Unarmed Combat


You had 8 spell levels left.
You didn't know any spells.
Your spell library was empty.

Dungeon Overview and Level Annotations

Branches:
Dungeon (1/1)

Altars:
Cheibriados
Dithmenos
Elyvilon
Fedhas
Gozag
Hepliaklqana
Kikubaaqudgha
Makhleb
Nemelex Xobeh
Okawaru
Qazlal
Ru
Sif Muna
Trog
Uskayaw
Vehumet
Wu Jian
Xom
Yredelemnul
Zin
The Shining One
Jiyva
Lugonu

Shops:
D (

Annotations:
D Sigmund


Innate Abilities, Weirdness & Mutations

You have sharp claws.
You have razor-sharp teeth.
You have supernaturally acute eyesight. (SInv)
You cover ground quickly. (Speed+)
You are covered in thick fur. (AC +2)
Your paws help you pounce on unaware monsters.
You are incapable of wielding weapons or throwing items.
You cannot wear armour.
You gain extra lives every three experience levels.
You possess an exceptional clarity of mind.
You are robust. (+10% HP)
Your muscles are strong. (Str +4, Int/Dex -1)
Potions are less effective at restoring your health.


Message History

Your iron troll looks more healthy.
There is an open door here.
There is an open door here.
You see here the felid corpse of Groucho.
There is an open door here.
You don't know any spells.
Unknown command.
Unknown command.
Unknown command.
You closely miss Sigmund.
Sigmund points at you and mumbles some strange words.
The bolt of fire hits you!!
Ouch! That really hurt!
* * * LOW HITPOINT WARNING * * *
Unknown command.
There is an open door here.
There is an open door here.
You see here the felid corpse of Groucho.
Your cyclops goes berserk!
Unknown command.
Your skin crawls.
You feel strong-willed.
You swap places.
Sigmund hits you from afar with a +2 scythe of distortion.
* * * LOW HITPOINT WARNING * * *
Space warps around you.
* * * LOW HITPOINT WARNING * * *
Your cyclops barely misses Sigmund.
Unknown command.
Your cyclops hits Sigmund!!
Sigmund hits your cyclops with a +2 scythe of distortion.
Space warps horribly around your cyclops!
Unknown command.
Your cyclops hits Sigmund. Sigmund gestures at you while chanting.
The lance of force hits your cyclops!!
Your cyclops is knocked back by the lance of force.
Your cyclops collides with you!
Ouch! That really hurt!
You die...

#'###'##.))......##.#...≈≈≈..44..
.......#))).....###.#...##21C≈##.
.......#)#..#∩#.# #.)...##†ee3*ee
######'#)####..## ###############
#__#...#'########################
#__#...#..§§T'.#.@...'.#.#.#.'†..
#__#...#.#§§§#.#.#...##.#.#.##†..
#__#...'.#§§§#.#C#)..#.#.#.#.#...
#__'...#.#..§#..@#)).##.#.#.##...
▓▓▓▓▓▓▓▓▓▓▓▓▓▓▓▓▓▓▓▓▓#@#.#.#.#...
♣♣~~~........~~~...##.#.#.##...
♣†♣≈≈≈≈≈≈≈≈≈≈≈≈♣♣..'.#.#.#.#...
#lF♣♣♣♣♣♣♣♣♣♣♣♣♣♣♣♣..##.#.#.#####
#.. * ♣♣♣##'##### ### ..) #...#
#...#


You could see Sigmund (ally target) and a friendly cyclops (summoned, berserk).

Vanquished Creatures
  Snorg (D)
  A centaur warrior (D)
  A deep elf pyromancer (D)
  2 cane toads (D)
  An unseen horror (D)
  A komodo dragon (D)
  3 wandering mushrooms (D)
  A shadow (D)
  A spatial vortex (D)
  2 centaurs (D)
  An earth elemental (D)
  A water elemental (D)
  A necrophage (D)
  A scorpion (D)
  2 killer bees (D)
  A jelly (D)
  A wizard (D)
  A necromancer (D)
  A kobold demonologist (D)
  3 humans (D)
  2 endoplasms (D)
  2 rats (D)
31 creatures vanquished.

Vanquished Creatures (collateral kills)
  2 deep elf pyromancers (D)
  3 deep elf zephyrmancers (D)
  2 orc sorcerers (D)
  Edmund (D)
  A queen bee (D)
  30 killer bees (D)
  An orc priest (D)
  5 orc wizards (D)
  8 orcs (D)
  A frilled lizard (D)
  A rat (D)
55 creatures vanquished.

Vanquished Creatures (others)
  3 plants (D)
3 creatures vanquished.

Grand Total: 89 creatures vanquished

Notes
Turn   | Place    | Note
-------+----------+-------------------------------------------
     0 | D        | Groucho the Felid Berserker began the quest for the Orb.
     0 | D        | Reached XP level 1. HP: 10/10 MP: 2/2
     4 | D        | Reached skill level 1 in Stealth
     7 | D        | Reached skill level 2 in Stealth
   105 | D        | Reached ** piety under Trog
   107 | D        | Reached skill level 3 in Stealth
   143 | D        | Reached skill level 5 in Stealth
   143 | D        | Reached XP level 2. HP: 8/14 MP: 3/3
   531 | D        | Noticed a scorpion
   538 | D        | Killed a scorpion
   539 | D        | Reached skill level 8 in Stealth
   539 | D        | Reached XP level 3. HP: 17/17 MP: 4/4
   539 | D        | Reached XP level 4. HP: 21/21 MP: 5/5
   556 | D        | Gained mutation: You have hidden genetic potential. [potion
                  | of mutation]
   557 | D        | Lost mutation: You have hidden genetic potential. [potion
                  | of mutation]
   557 | D        | Gained mutation: Your magical capacity is low. (-10% MP)
                  | [potion of mutation]
   557 | D        | Gained mutation: Potions are less effective at restoring
                  | your health. [potion of mutation]
   557 | D        | Gained mutation: You passively map a small area around you.
                  | [potion of mutation]
   557 | D        | Gained mutation: You are robust. (+10% HP) [potion of
                  | mutation]
   558 | D        | Lost mutation: Your magical capacity is low. (-10% MP)
                  | [potion of mutation]
   558 | D        | Lost mutation: You passively map a small area around you.
                  | [potion of mutation]
   558 | D        | Gained mutation: You possess an exceptional clarity of
                  | mind. [potion of mutation]
   558 | D        | Gained mutation: Your muscles are strong. (Str +4, Int/Dex
                  | -1) [potion of mutation]
   741 | D        | Noticed a water elemental
   756 | D        | Killed a water elemental
   757 | D        | Reached skill level 9 in Stealth
   757 | D        | Reached XP level 5. HP: 26/26 MP: 6/6
   900 | D        | Found a radiant altar of Vehumet.
   901 | D        | Found a shimmering blue altar of Sif Muna.
   901 | D        | Found an ancient bone altar of Kikubaaqudgha.
   906 | D        | Reached skill level 10 in Stealth
   906 | D        | Reached *** piety under Trog
   907 | D        | Reached skill level 11 in Stealth
   956 | D        | Found a shadowy altar of Dithmenos.
   957 | D        | Found a basalt altar of Yredelemnul.
   957 | D        | Found a sacrificial altar of Ru.
   959 | D        | Reached skill level 12 in Stealth
   959 | D        | Reached **** piety under Trog
   974 | D        | Found a hide-covered altar of Uskayaw.
   974 | D        | Found an iron altar of Okawaru.
   975 | D        | Found a bloodstained altar of Trog.
   975 | D        | Found an ornate altar of the Wu Jian Council.
   975 | D        | Noticed a human
   975 | D        | Noticed a human
   990 | D        | Killed a human
   991 | D        | Reached skill level 14 in Stealth
   991 | D        | Reached skill level 10 in Unarmed Combat
   991 | D        | Gained mutation: You are covered in thick fur. (AC +2)
                  | [Felid growth]
   991 | D        | Reached XP level 6. HP: 23/30 MP: 7/7
  1170 | D        | Killed a human
  1171 | D        | Reached XP level 7. HP: 34/34 MP: 8/8
  1369 | D        | Found a glowing silver altar of Zin.
  1370 | D        | Found a glowing golden altar of the Shining One.
  1370 | D        | Found a white marble altar of Elyvilon.
  1370 | D        | Noticed a deep elf pyromancer
  1372 | D        | Killed a deep elf pyromancer
  1373 | D        | Reached skill level 16 in Stealth
  1387 | D        | Noticed a shadow
  1389 | D        | Killed a shadow
  1390 | D        | Reached skill level 17 in Stealth
  1390 | D        | Reached XP level 8. HP: 37/37 MP: 9/9
  1395 | D        | Found a blossoming altar of Fedhas.
  1395 | D        | Found a stormy altar of Qazlal.
  1415 | D        | Found a snail-covered altar of Cheibriados.
  1415 | D        | Found a burning altar of Makhleb.
  1415 | D        | Found a hazy altar of Hepliaklqana.
  1415 | D        | Found a shimmering altar of Xom.
  1415 | D        | Found an opulent altar of Gozag.
  1415 | D        | Found a sparkling altar of Nemelex Xobeh.
  1415 | D        | Found a corrupted altar of Lugonu.
  1415 | D        | Found a viscous altar of Jiyva.
  1417 | D        | Reached ***** piety under Trog
  1426 | D        | Noticed Snorg
  1429 | D        | Killed Snorg
  1430 | D        | Reached skill level 19 in Stealth
  1437 | D        | Reached XP level 9. HP: 40/40 MP: 10/10
  1441 | D        | Noticed a centaur warrior
  1445 | D        | Killed a centaur warrior
  1446 | D        | Reached skill level 20 in Stealth
  1446 | D        | Reached skill level 15 in Unarmed Combat
  1447 | D        | Reached skill level 21 in Stealth
  1460 | D        | Noticed an unseen horror
  1462 | D        | Killed an unseen horror
  1469 | D        | Noticed a wandering mushroom
  1473 | D        | Noticed a wandering mushroom
  1590 | D        | Noticed a wandering mushroom
  1593 | D        | Killed a wandering mushroom
  1604 | D        | Killed a wandering mushroom
  1604 | D        | Reached ****** piety under Trog
  1905 | D        | Noticed a cane toad
  1905 | D        | Noticed a komodo dragon
  1905 | D        | Noticed a cane toad
  1914 | D        | Killed a cane toad
  1915 | D        | Reached skill level 22 in Stealth
  1916 | D        | Mangled by a cane toad
  1917 | D        | Reached XP level 8. HP: -9/55 MP: 9/9
  1921 | D        | Noticed an orc sorcerer
  1928 | D        | Noticed a sun demon
  1931 | D        | Reached XP level 9. HP: 27/40 MP: 10/10
  1936 | D        | Killed an orc sorcerer
  1944 | D        | Noticed an orc sorcerer
  1947 | D        | Killed an orc sorcerer
  1948 | D        | Reached skill level 23 in Stealth
  1952 | D        | Found Qeick's Antique Weapon Boutique.
  2275 | D        | Noticed a deep elf pyromancer
  2275 | D        | Noticed a deep elf zephyrmancer
  2275 | D        | Noticed a deep elf zephyrmancer
  2275 | D        | Noticed a deep elf pyromancer
  2275 | D        | Noticed a deep elf zephyrmancer
  2284 | D        | Killed a deep elf zephyrmancer
  2288 | D        | Killed a deep elf zephyrmancer
  2296 | D        | Killed a deep elf zephyrmancer
  2297 | D        | Reached skill level 24 in Stealth
  2297 | D        | Reached XP level 10. HP: 46/46 MP: 11/11
  2298 | D        | Killed a deep elf pyromancer
  2299 | D        | Killed a deep elf pyromancer
  2304 | D        | Noticed a deep elf demonologist
  2308 | D        | Noticed a deep elf zephyrmancer
  2310 | D        | Noticed a deep elf death mage
  2310 | D        | Noticed a deep elf demonologist
  2311 | D        | Noticed a cacodemon
  2311 | D        | Noticed a deep elf demonologist
  2312 | D        | Noticed a deep elf master archer
  2312 | D        | Noticed a deep elf high priest
  2313 | D        | Noticed a rust devil
  2313 | D        | Noticed a Tzitzimitl
  2315 | D        | Noticed a soul eater
  2315 | D        | Slain by a cacodemon
  2316 | D        | Reached XP level 9. HP: -3/40 MP: 10/10
  2318 | D        | Killed a komodo dragon
  2328 | D        | Killed a cane toad
  2329 | D        | Reached skill level 25 in Stealth
  2663 | D        | Noticed a queen bee
  2675 | D        | Killed a queen bee
  2693 | D        | Reached XP level 10. HP: 46/46 MP: 11/11
  2909 | D        | Noticed Sigmund
  2909 | D        | Noticed Edmund
  2915 | D        | Killed Edmund
  2916 | D        | Reached skill level 5 in Dodging
  2934 | D        | Collided with an iron troll
  2935 | D        | Reached XP level 9. HP: -15/42 MP: 10/10
  2995 | D        | Collided with a cyclops

Illustrated notes

Levels and vault maps discovered:
D:        dungeon_sprint_mu [sprint_mu_entry_forest, sprint_mu_temple_rooms,
          sprint_mu_d1_horrors, sprint_mu_d2_genie, sprint_mu_d3_branching,
          sprint_mu_orc_legion, sprint_mu_elf_gauntlet, sprint_mu_hive_nellie,
          sprint_mu_lair_fedhas, sprint_mu_vaults_butterflies,
          sprint_mu_slime_circle, sprint_mu_swamp_cave, sprint_mu_snake_twists,
          sprint_mu_blade_basic, sprint_mu_crypt_chambers,
          sprint_mu_tomb_spiral, sprint_mu_vestibule_basic,
          sprint_mu_gehenna_hellfire, sprint_mu_dis_giant,
          sprint_mu_tartarus_statrot, sprint_mu_cocytus_islands, sprint_mu_zot1]

Skill      XL: |  1  2  3  4  5  6  7  8  9 10 |
---------------+-------------------------------+-----
Stealth        | 5 8 9 14 17 19 25 | 25.8
Unarmed Combat | 4 6 7 10 11 13 14 19 | 19.4
Dodging        | 5 |  5.2
Fighting       | |  3.9

Action                   |  1- 3 |  4- 6 |  7- 9 | 10-12 || total
-------------------------+-------+-------+-------+-------++-------
Melee: Unarmed           |    15 |    16 |    38 |     1 ||    70
       Bite              |       |     2 |     5 |       ||     7
       Punch             |       |     2 |     3 |       ||     5
Invok: Berserk           |     2 |     4 |     1 |       ||     7
       Trog's Hand       |     2 |     3 |     3 |     1 ||     9
       Brothers in Arms  |       |       |     6 |     3 ||     9
  Use: Potion            |       |     3 |     1 |     2 ||     6
       Scroll            |       |       |     2 |       ||     2
 Stab: Sleeping          |     1 |     3 |    13 |       ||    17
Armor: Skin              |       |       |       |     1 ||     1
Dodge: Dodged            |     6 |     9 |    16 |    10 ||    41
